 Dungeon Crawl Stone Soup version 0.21.1-1-g345015f (webtiles) character file.

737 glosham the Cleaver (level 7, 0/46 HPs)
             Began as an Octopode Berserker on Apr 6, 2018.
             Was an Elder of Trog.
             Slain by a mummy (15 damage)
             ... in an ossuary on Apr 7, 2018.
             The game lasted 00:18:14 (967 turns).

glosham the Cleaver (Octopode Berserker)             Turns: 967, Time: 00:18:15

Health: 0/46       AC:  1    Str: 23    XL:     7   Next: 75%
Magic:  7/7        EV: 14    Int: 10    God:    Trog [****..]
Gold:   70         SH:  0    Dex: 11    Spells: 6/6 levels left

rFire    . . .     SeeInvis .   a - +1 war axe
rCold    . . .     Gourm    .   (no shield)
rNeg     . . .     Faith    .   (helmet restricted)
rPois    .         Spirit   .   z - amulet of regeneration
rElec    .         Reflect  .   (no ring)
rCorr    .         Harm     .   (no ring)
MR       .....                  (no ring)
Stlth    ++........             (no ring)
HPRegen  0.55/turn              (no ring)
MPRegen  0.10/turn              (no ring)
                                (no ring)
                                (no ring)

@: mighty, berserk cooldown, slowed, very slow
A: almost no armour, stealthy swim, amphibious, 8 rings, constrict 8, camouflage
1, gelatinous body 1
a: Berserk, Trog's Hand, Brothers in Arms, Burn Spellbooks, Renounce Religion


You were in an ossuary.
You worshipped Trog.
Trog was greatly pleased with you.
You were not hungry.

You visited 1 branch of the dungeon, and saw 4 of its levels.
You also visited: Sewer and Ossuary.

You collected 70 gold pieces.

Inventory:

Hand Weapons
 a - a +1 war axe (weapon)
 b - a +0 hand axe
Jewellery
 g - a +4 amulet of reflection
 z - an amulet of regeneration (around mantle)
Scrolls
 e - a scroll of fear
 f - a scroll of identify
Books
 h - a book of Power

   Spells                             Type                      Level
   a - Iskenderun's Battlesphere      Conjuration/Charms           5
   b - Venom Bolt                     Conjuration/Poison           5
   c - Bolt of Magma                  Conjuration/Fire/Earth       5
   d - Iron Shot                      Conjuration/Earth            6
   e - Orb of Destruction             Conjuration                  7
   f - Spellforged Servitor           Conjuration/Summoning        7
   Trog disapproves of the use of such an item.
 i - a book of Power

   Spells                             Type                      Level
   a - Iskenderun's Battlesphere      Conjuration/Charms           5
   b - Venom Bolt                     Conjuration/Poison           5
   c - Bolt of Magma                  Conjuration/Fire/Earth       5
   d - Iron Shot                      Conjuration/Earth            6
   e - Orb of Destruction             Conjuration                  7
   f - Spellforged Servitor           Conjuration/Summoning        7
   Trog disapproves of the use of such an item.
Comestibles
 c - 3 chunks of flesh
 d - 4 rations


   Skills:
 - Level 3.0 Fighting
 * Level 8.9 Axes
 - Level 3.0 Dodging


You had 6 spell levels left.
You didn't know any spells.

Dungeon Overview and Level Annotations

Branches:
Dungeon (4/15)
 Temple: D:4-7

Altars:


Innate Abilities, Weirdness & Mutations

You cannot wear most types of armour.
You are very stealthy in the water. (Stealth+)
You are amphibious.
You can wear up to eight rings at the same time.
You can use your tentacles to constrict eight enemies at once.
Your skin changes colour to match your surroundings (Stealth+).
Your rubbery body absorbs attacks. (AC +1, EV +1)


Message History

A mummy comes into view.
You slice the hound zombie!!
You destroy the hound zombie!
Trog accepts your kill.
You barely miss the mummy. You grab the mummy. You constrict the mummy.
The mummy moves out of view.
You slice the mummy!!
You destroy the mummy!
Trog accepts your kill.
You can now call in reinforcements.
A mummy comes into view.
There is an open door here.
You closely miss the mummy. You grab the mummy. You slash the mummy!
You constrict the mummy. The mummy hits you! The mummy closely misses you.
You slice the mummy!!
You destroy the mummy!
Trog accepts your kill.
You slash the mummy!
You destroy the mummy!
Trog accepts your kill.
You completely miss the mummy. You barely miss the mummy.
Your grab misses the mummy. You squeeze the mummy!
The mummy is severely damaged.
The mummy hits you!
* * * LOW HITPOINT WARNING * * *
You closely miss the mummy. You grab the mummy.
You destroy the mummy!
Trog accepts your kill.
You slam the door shut with a bang!
You feel a strong urge to attack something.
You start resting.
You are no longer berserk.
You are exhausted.
You feel yourself slow down.
You start resting.
A mummy opens the door.
You feel very mighty all of a sudden.
You slash the mummy! You grab the mummy.
The mummy is heavily damaged.
You constrict the mummy. The mummy hits you!
You die...

'. #. '.
#. +.
###.#####
#.'.#@.∩#
#.M.∩.#
+.#...#
#.#####
'. ##+


You could see a mummy.

Vanquished Creatures
  2 bullfrogs (Sewer)
  3 elf skeletons (D:4)
  A scorpion (D:4)
  A howler monkey (D:4)
  An orc priest (D:4)
  4 orc wizards (D:4)
  A hound zombie (Ossuary)
  4 mummies (Ossuary)
  An adder (Sewer)
  11 oozes (Sewer)
  2 dart slugs
  6 leopard geckos (Sewer)
  4 orcs (D:4)
  9 ball pythons (Sewer)
  19 giant cockroaches
  4 jackals (D:3)
  A quokka (D:3)
  12 frilled lizards
  3 kobolds
  An orc skeleton (D:4)
  An orc zombie (D:4)
91 creatures vanquished.

Notes
Turn   | Place    | Note
-------+----------+-------------------------------------------
     0 | D:1      | glosham the Octopode Berserker began the quest for the Orb.
     0 | D:1      | Reached XP level 1. HP: 16/16 MP: 1/1
   178 | D:2      | Reached XP level 2. HP: 19/21 MP: 2/2
   386 | D:4      | Reached skill level 4 in Axes
   423 | D:4      | Found a glowing drain.
   427 | D:4      | Reached XP level 3. HP: 24/26 MP: 3/3
   436 | D:4      | Reached ** piety under Trog
   438 | Sewer    | Entered a sewer
   493 | Sewer    | Reached XP level 4. HP: 27/31 MP: 4/4
   520 | Sewer    | Reached skill level 5 in Axes
   595 | Sewer    | Reached XP level 5. HP: 36/36 MP: 5/5
   606 | Sewer    | Reached *** piety under Trog
   648 | Sewer    | Reached skill level 6 in Axes
   649 | Sewer    | Reached XP level 6. HP: 42/42 MP: 6/6
   699 | D:4      | Reached skill level 7 in Axes
   846 | D:4      | Reached XP level 7. HP: 28/46 MP: 7/7
   887 | D:4      | Reached skill level 8 in Axes
   910 | D:4      | HP: 2/46 [elf skeleton (8)]
   922 | D:4      | Found a sand-covered staircase.
   927 | Ossuary  | Entered an ossuary
   949 | Ossuary  | Reached **** piety under Trog
   967 | Ossuary  | Slain by a mummy

Skill      XL: |  1  2  3  4  5  6  7 |
---------------+----------------------+-----
Axes           | 4 5 6 7 8 |  8.9
Fighting       | |  3.0
Dodging        | |  3.0

Action                   |  1- 3 |  4- 6 |  7- 9 || total
-------------------------+-------+-------+-------++-------
Melee: Hand axe          |    26 |       |       ||    26
       Constrict         |    14 |    18 |    10 ||    42
       Tentacles         |     7 |    17 |    11 ||    35
       War axe           |    32 |    72 |    33 ||   137
Invok: Berserk           |       |     2 |     1 ||     3
  Use: Scroll            |     2 |     1 |     3 ||     6
       Potion            |       |       |     1 ||     1
 Stab: Sleeping          |     3 |     3 |       ||     6
  Eat: Chunk             |       |     1 |     2 ||     3
Armor: Skin              |     6 |     2 |     1 ||     9
Dodge: Dodged            |    33 |    48 |    12 ||    93
Block: Other             |     3 |       |       ||     3

Table legend:
 A = Turns spent in this place as a percentage of turns spent in the entire game.
 B = Non-inter-level travel turns spent in this place as a percentage of non-inter-level travel turns spent in the entire game.
 C = Inter-level travel turns spent in this place as a percentage of turns spent in this place.
 D = Turns resting spent in this place as a percentage of non-inter-level travel turns spent in this place.
 E = Turns spent auto-exploring this place as a percentage of non-inter-level travel turns spent in this place.
 F = Non-inter-level travel turns spent in this place divided by the number of levels of this place that you've seen.
                   A       B       C       D       E      F
               +-------+-------+-------+-------+-------+----------------------
         Total | 100.0 | 100.0 |   0.0 |   1.7 |   0.0 | 161.2
       Dungeon |  72.0 |  72.0 |   0.0 |   0.0 |   0.0 | 174.0
         Sewer |  23.9 |  23.9 |   0.0 |   0.0 |   0.0 | 231.0
       Ossuary |   4.1 |   4.1 |   0.0 |  40.0 |   0.0 |  40.0
               +-------+-------+-------+-------+-------+----------------------

Table legend:
 A = Kills in this place as a percentage of kills in entire the game.
 B = Kills by you in this place as a percentage of kills by you in the entire game.
 C = Kills by friends in this place as a percentage of kills by friends in the entire game.
 D = Other kills in this place as a percentage of other kills in the entire game.
 E = Experience gained in this place as a percentage of experience gained in the entire game.
 F = Experience gained in this place divided by the number of levels of this place that you have seen.
                   A       B       C       D       E      F
               +-------+-------+-------+-------+-------+----------------------
         Total | 100.0 | 100.0 |   N/A |   N/A | 100.0 | 175.7
       Dungeon |  41.8 |  41.8 |   N/A |   N/A |  59.4 | 156.5
         Sewer |  52.7 |  52.7 |   N/A |   N/A |  31.6 | 333.0
       Ossuary |   5.5 |   5.5 |   N/A |   N/A |   9.0 |  95.0
               +-------+-------+-------+-------+-------+----------------------

Vault maps used:
D:1:      scummos_arrival_simple_crosswalls
D:2:      uniq_sigmund
D:3:      uniq_natasha, uniq_jessica
D:4:      gup_sewer_entry_pipe, nicolae_ossuary_entry_catacombs, first_ration
Sewer:    sewer_frog_island_02
Ossuary:  ossuary_zaba_flooded
